 Dungeon Crawl Stone Soup version 0.25-a0-566-g062765be81 (webtiles) character file.

Game seed: 11768402626978643399, levelgen mode: deterministic

72 RedPan the Protected (level 4, -2/48 HPs)
             Began as a Gnoll Wanderer on Feb 27, 2020.
             Slain by an ogre
             ... wielding a +0 giant club
              (10 damage)
             ... on level 2 of the Dungeon.
             The game lasted 00:06:33 (2816 turns).

RedPan the Protected (Gnoll Wanderer)               Turns: 2816, Time: 00:06:34

Health: -2/48      AC: 22    Str: 16    XL:     4   Next: 25%
Magic:  8/8        EV:  2    Int: 12    God:
Gold:   74         SH:  0    Dex: 16    Spells: 8/8 levels left

rFire    . . .     SeeInvis .   d - +4 dagger
rCold    + . .     Gourm    .   (no shield)
rNeg     + + +     Faith    .   (armour currently unavailable)
rPois    +         Spirit   .   (helmet currently unavailable)
rElec    .         Reflect  .   (cloak currently unavailable)
rCorr    .         Harm     .   (gloves currently unavailable)
MR       .....     NoTele   +   (boots currently unavailable)
Stlth    ++........             (no amulet)
HPRegen  0.16/turn              j - ring of positive energy
MPRegen  0.11/turn              n - ring of protection from cold

@: tree-form
A: distributed training, strong nose
a: no special abilities


You were on level 2 of the Dungeon.
You were not hungry.
You were a tree.
You visited 1 branch of the dungeon, and saw 2 of its levels.

You collected 74 gold pieces.

Inventory:

Hand Weapons
 a - a +1 mace
 d - a +4 dagger (weapon)
Armour
 e - a +0 helmet (melded)
 p - a +0 ring mail (melded)
Jewellery
 j - a ring of positive energy (left branch)
 n - a ring of protection from cold (right branch)
Wands
 b - a wand of enslavement (11)
Scrolls
 h - a scroll of identify
 l - a scroll of teleportation
Potions
 g - a potion of lignification
 i - a potion of brilliance {unknown}
 k - a potion of flight {unknown}
 m - a potion of stabbing {unknown}
 o - a potion of heal wounds {unknown}
Comestibles
 c - 3 chunks of flesh
 f - a ration


   Skills:
 + Level 1.0 Fighting
 + Level 1.0 Short Blades
 + Level 1.0 Long Blades
 + Level 1.0 Axes
 + Level 2.7 Maces & Flails
 + Level 1.0 Polearms
 + Level 1.0 Staves
 + Level 1.0 Slings
 + Level 1.0 Bows
 + Level 1.0 Crossbows
 + Level 1.0 Throwing
 + Level 8.5 Armour
 + Level 1.0 Dodging
 + Level 1.0 Stealth
 + Level 1.0 Shields
 + Level 1.0 Unarmed Combat
 + Level 2.9 Spellcasting
 + Level 0.8 Conjurations
 + Level 3.8 Hexes
 + Level 0.8 Charms
 + Level 0.8 Summonings
 + Level 0.8 Necromancy
 + Level 0.8 Translocations
 + Level 0.8 Transmutations
 + Level 0.8 Fire Magic
 + Level 0.8 Ice Magic
 + Level 0.8 Air Magic
 + Level 0.8 Earth Magic
 + Level 0.8 Poison Magic
 + Level 1.1 Invocations
 + Level 4.6 Evocations


You had 8 spell levels left.
You didn't know any spells.
Your spell library contained the following spells:

 Spells                   Type           Power        Failure   Level  Hunger
 Corpse Rot               Necr/Air       N/A          26%         2    ###....
 Sublimation of Blood     Necr           #.........   26%         2    ###....


Dungeon Overview and Level Annotations

Branches:
Dungeon (2/15)

Altars:


Innate Abilities, Weirdness & Mutations

Your experience applies equally to all skills.
((You have very sharp teeth.))
Your uncanny sense of smell can sniff out nearby items.


Message History

The ogre hits you but does no damage.
You barely miss the ogre.
The ogre is severely wounded.
The ogre hits you but does no damage.
You barely miss the ogre.
The ogre is severely wounded.
The ogre hits you but does no damage.
You hit the ogre.
The ogre is almost dead.
You hit the ogre.
The ogre is almost dead.
The ogre hits you with a +0 giant club.
* * * LOW HITPOINT WARNING * * *
You hit the ogre but do no damage.
The ogre is almost dead.
The ogre hits you but does no damage.
You hit the ogre.
The ogre is almost dead.
The ogre hits you with a +0 giant club!
You die...

############
...........#
...........#
...........####
......†....'..#
...).......##O#
...........##♣#
...........##.#
#####+#######.#
#.# .# #.# #.#
#.# #.# #.#
########.# #.#
......>#.# #.#


You could see an ogre.

Vanquished Creatures
  2 adders (D:2)
  A dart slug (D:1)
  A ball python (D:1)
  2 giant cockroaches
  4 goblins
  5 hobgoblins
  2 jackals (D:2)
  9 kobolds
  A quokka (D:2)
  7 bats
  10 frilled lizards
  9 rats
53 creatures vanquished.

Vanquished Creatures (collateral kills)
  2 goblins
  A kobold (D:1)
3 creatures vanquished.

Vanquished Creatures (others)
  A bat (D:2)
1 creature vanquished.

Grand Total: 57 creatures vanquished

Notes
Turn   | Place    | Note
-------+----------+-------------------------------------------
     0 | D:1      | RedPan the Gnoll Wanderer began the quest for the Orb.
     0 | D:1      | RedPan set off with the following items: a +0 mace, a wand
                  | of enslavement (15), a +0 robe, a ration; and the following
                  | spells available to memorise: Corpse Rot, Sublimation of
                  | Blood
     0 | D:1      | Reached XP level 1. HP: 13/13 MP: 4/4
   263 | D:1      | Reached XP level 2. HP: 11/19 MP: 5/5
  1515 | D:1      | Reached XP level 3. HP: 19/25 MP: 7/7
  2217 | D:2      | Reached skill level 1 in Invocations
  2516 | D:2      | Reached skill level 1 in Fighting
  2516 | D:2      | Reached skill level 1 in Short Blades
  2516 | D:2      | Reached skill level 1 in Long Blades
  2516 | D:2      | Reached skill level 1 in Axes
  2516 | D:2      | Reached skill level 1 in Polearms
  2516 | D:2      | Reached skill level 1 in Staves
  2516 | D:2      | Reached skill level 1 in Slings
  2516 | D:2      | Reached skill level 1 in Bows
  2516 | D:2      | Reached skill level 1 in Crossbows
  2516 | D:2      | Reached skill level 1 in Throwing
  2516 | D:2      | Reached skill level 1 in Dodging
  2516 | D:2      | Reached skill level 1 in Stealth
  2516 | D:2      | Reached skill level 1 in Shields
  2516 | D:2      | Reached skill level 1 in Unarmed Combat
  2550 | D:2      | Reached XP level 4. HP: 29/32 MP: 8/8
  2786 | D:2      | Noticed an ogre
  2816 | D:2      | Slain by an ogre

Levels and vault maps discovered:
D:1:      lightli_molten_gateway, layout_basic
D:2:      layout_basic, minmay_pentomino_x2

Skill      XL: |  1  2  3 |
---------------+----------+-----
Invocations    | 1 |  1.1
Fighting       | 1 |  1.0
Short Blades   | 1 |  1.0
Long Blades    | 1 |  1.0
Axes           | 1 |  1.0
Polearms       | 1 |  1.0
Staves         | 1 |  1.0
Slings         | 1 |  1.0
Bows           | 1 |  1.0
Crossbows      | 1 |  1.0
Throwing       | 1 |  1.0
Dodging        | 1 |  1.0
Stealth        | 1 |  1.0
Shields        | 1 |  1.0
Unarmed Combat | 1 |  1.0
Maces & Flails | |  2.7
Armour         | |  8.5
Spellcasting   | |  2.9
Conjurations   | |  0.8
Hexes          | |  3.8
Charms         | |  0.8
Summonings     | |  0.8
Necromancy     | |  0.8
Translocations | |  0.8
Transmutations | |  0.8
Fire Magic     | |  0.8
Ice Magic      | |  0.8
Air Magic      | |  0.8
Earth Magic    | |  0.8
Poison Magic   | |  0.8
Evocations     | |  4.6

Action                   |  1- 3 |  4- 6 || total
-------------------------+-------+-------++-------
Melee: Mace              |    70 |       ||    70
       Bite              |     8 |     2 ||    10
       Dagger            |    35 |    33 ||    68
Evoke: Wand              |     3 |     1 ||     4
  Use: Scroll            |     5 |       ||     5
       Potion            |       |     1 ||     1
 Stab: Sleeping          |     3 |       ||     3
  Eat: Chunk             |     5 |     1 ||     6
Armor: Robe              |     9 |       ||     9
       Ring mail         |    15 |    10 ||    25
       Skin              |       |     8 ||     8
Dodge: Dodged            |    66 |    16 ||    82

Table legend:
 A = Non-vault XP
 B = Vault XP
 C = Vault XP percentage of total XP
 D = Non-vault monster count
 E = Vault monster count
 F = Vault count percentage of total count
                 A         B        C        D         E       F
            +---------+---------+-------+---------+---------+-------
      Total |     101 |       2 |   1.9 |      55 |       1 |   1.8
            +---------+---------+-------+---------+---------+-------
        D:1 |      39 |       0 |   0.0 |      27 |       0 |   0.0
        D:2 |      62 |       2 |   3.1 |      28 |       1 |   3.4
            +---------+---------+-------+---------+---------+-------
